 Dungeon Crawl Stone Soup version 0.27.0-1-g7a089689b8 (webtiles) character file.

Game seed: 14035497292474672715

26 snetch the Magician (level 3, -3/25 HPs)
             Began as a Djinni Fire Elementalist on Aug 10, 2021.
             Slain by a worm (7 damage)
             ... on level 2 of the Dungeon.
             The game lasted 00:01:57 (860 turns).

snetch the Magician (Djinni Fire Elementalist)       Turns: 860, Time: 00:01:57

Health: -3/25      AC:  3    Str:  7    XL:     3   Next: 22%
Gold:   35         EV: 12    Int: 17    God:
                   SH:  0    Dex: 13

rFire    + + .     SeeInvis .   e - +1 hand axe (vorpal)
rCold    x . .     Faith    .   (no shield)
rNeg     . . .     Spirit   .   a - +0 robe
rPois    ∞         Reflect  .   d - +0 helmet
rElec    .         Harm     .   (no cloak)
rCorr    .         Rampage  .   (no gloves)
Will     .....                  (boots unavailable)
Stlth    ++........             (no amulet)
HPRegen  0.08/turn              (no ring)
MPRegen  0.00/turn              (no ring)

@: flying
A: sickness immunity, fire resistance 2, cold vulnerability 1, float, innate
caster, hp casting, extra vitality 1
a: no special abilities


You were on level 2 of the Dungeon.
You visited 1 branch of the dungeon, and saw 2 of its levels.

You collected 35 gold pieces.

Inventory:

Hand Weapons
 e - a +1 vorpal hand axe (weapon)
Missiles
 c - 35 stones
Armour
 a - a +0 robe (worn)
 d - a +0 helmet (worn)
Scrolls
 g - a scroll of brand weapon {unknown}
Potions
 b - 2 potions of flight {unknown}
 f - 2 potions of invisibility {unknown}


   Skills:
 + Level 2.4 Dodging
 + Level 1.8 Stealth
 + Level 3.1 Spellcasting


You couldn't memorise any spells.
You knew the following spells:

 Your Spells              Type           Power      Damage    Failure   Level
a - Foxfire               Conj/Fire      52%        2x1d6     4%          1
b - Conjure Flame         Conj/Fire      13%        6-21      14%         3
c - Inner Flame           Hex/Fire       13%        N/A       14%         3
d - Sticky Flame          Conj/Fire      13%        2d4       43%         4
e - Fireball              Conj/Fire      6%         3d5       80%         5
f - Animate Skeleton      Necr           26%        N/A       4%          1
Your spell library was empty.

Dungeon Overview and Level Annotations

Branches:
Dungeon (2/15)

Altars:


Innate Abilities, Weirdness & Mutations

You are immune to sickness and miasma.
You are immune to poison.
Your flesh is very heat resistant. (rF++)
You are vulnerable to cold. (rC-)
You float through the air rather than walking.
You learn spells naturally, not from books.
Your magical power is your life essence.
You have superior vitality. (+4 HP)


Message History

The foxfire hits the frilled lizard.
The frilled lizard is heavily wounded.
The foxfire hits the frilled lizard.
You kill the frilled lizard!
The adder closely misses you.
Your foxfire dissipates!
The foxfire hits the worm.
The worm is moderately wounded.
The adder bites you but does no damage.
Found a dagger.
Casting: Foxfire (safe; 6% risk of failure)
Press: ? - help, Q - select action, (/) - cycle Dir - look around, f - activate You conjure some foxfire!
* * * LOW HITPOINT WARNING * * *
The foxfire hits the ball python.
The ball python is severely wounded.
The adder bites you but does no damage.
Casting: Foxfire (safe; 6% risk of failure)
Press: ? - help, Q - select action, (/) - cycle Dir - look around, f - activate You conjure some foxfire!
* * * LOW HITPOINT WARNING * * *
The foxfire hits the adder.
You kill the adder!
The ball python barely misses you. The ball python grabs you.
* * * LOW HITPOINT WARNING * * *
The ball python constricts you.
Your Spellcasting skill increases to level 3!
You have reached level 3!
Your experience leads to an increase in your attributes!
Increase (S)trength, (I)ntelligence, or (D)exterity?
You feel clever.
The power to cast Animate Skeleton wells up from within.
Spell assigned to 'f'.
You escape the ball python's grasp.
The foxfire hits the ball python.
You kill the ball python!
The foxfire hits the worm.
The worm is heavily wounded.
Your magical contamination has completely faded away.
The worm bites you!
You die...

... ###..# .....#
....#### ........
#.#### #....#####
##.....##§§..##..
.......@...§.##.###
######)#w†...#....
#.#.†.#.#..#
#.......#<.#
#...###.#..#
#..#.#....#.#
.........l...#
#.###.##.#†##.#
#.###.##.#.##...


You could see a worm.

Vanquished Creatures
  An adder (D:2)
  An endoplasm (D:1)
  3 hobgoblins
  2 quokkas
  4 ball pythons
  2 bats (D:1)
  2 frilled lizards (D:2)
  A kobold (D:1)
  2 rats (D:1)
18 creatures vanquished.

Vanquished Creatures (others)
  56 foxfires
56 creatures vanquished.

Grand Total: 74 creatures vanquished

Notes
Turn   | Place    | Note
-------+----------+-------------------------------------------
     0 | D:1      | snetch the Djinni Fire Elementalist began the quest for the
                  | Orb.
     0 | D:1      | Reached XP level 1. HP: 15/15 MP: 0/0
   320 | D:1      | Reached XP level 2. HP: 19/21 MP: 0/0
   859 | D:2      | Reached skill level 3 in Spellcasting
   859 | D:2      | Reached XP level 3. HP: 4/25 MP: 0/0
   859 | D:2      | Learned a level 1 spell: Animate Skeleton
   860 | D:2      | Slain by a worm

Illustrated notes

Levels and vault maps discovered:
D:1:      dpeg_arrival_boxes_within_box, layout_rooms,
          chequers_serial_rivers_micro_d
D:2:      layout_basic, basic_altar, minmay_misc_feat_enclosed,
          minmay_diced_spiral, uniq_crazy_yiuf_cottage

Skill      XL: |  1  2 |
---------------+-------+-----
Spellcasting   | 3 |  3.1
Dodging        | |  2.4
Stealth        | |  1.8

Action                   || total
-------------------------++-------
 Cast: Foxfire           ||    35
Armor: Robe              ||     4
Dodge: Dodged            ||     6
